 Dungeon Crawl Stone Soup version 0.24.1-11-gbbbb2193e6 (webtiles) character file.

Game seed: 14918437664988075466, levelgen mode: deterministic

1612 Gwenloh the Slinger (level 9, 0/54 HPs)
             Began as a Halfling Warper on May 11, 2020.
             Was a Priest of Zin.
             Slain by Pikel
             ... wielding a +1 whip of electrocution
              (20 damage)
             ... on level 6 of the Dungeon.
             The game lasted 01:00:14 (10028 turns).

Gwenloh the Slinger (Halfling Warper)              Turns: 10028, Time: 01:00:14

Health: 0/54       AC:  7    Str: 12    XL:     9   Next: 16%
Magic:  10/12      EV: 16    Int: 14    God:    Zin [***...]
Gold:   176        SH:  0    Dex: 14    Spells: 1/12 levels left

rFire    . . .     SeeInvis .   a - +0 rapier
rCold    . . .     Gourm    .   (shield restricted)
rNeg     + . .     Faith    +   r - +0 leather armour
rPois    +         Spirit   .   s - +0 helmet
rElec    .         Reflect  .   c - +2 cloak
rCorr    .         Harm     .   (no gloves)
MR       .....                  (no boots)
Stlth    +.........             n - amulet of faith
HPRegen  0.18/turn              j - ring of poison resistance
MPRegen  0.13/turn              o - ring of positive energy

@: no status effects
A: small, mutation resistance 1
a: Recite, Vitalisation, Imprison, Donate Gold, Renounce Religion


You were on level 6 of the Dungeon.
You worshipped Zin.
Zin was most pleased with you.
You were not hungry.

You visited 2 branches of the dungeon, and saw 7 of its levels.

You collected 319 gold pieces.
You spent 112 gold pieces at shops.
You donated 31 gold pieces to Zin.

Inventory:

Hand Weapons
 a - a +0 rapier (weapon)
 b - a +0 hunting sling
 G - a +0 short sword
Missiles
 d - 21 poisoned darts (quivered)
 e - 4 boomerangs of dispersal
 i - 216 stones
 p - 35 sling bullets
Armour
 c - a +2 cloak (worn)
 r - a +0 leather armour (worn)
 s - a +0 helmet (worn)
Jewellery
 j - a ring of poison resistance (left hand)
 n - an amulet of faith (around neck)
 o - a ring of positive energy (right hand)
 B - a +2 ring of slaying {unknown}
 F - a +4 ring of evasion
 J - an uncursed amulet of the acrobat {unknown}
Scrolls
 g - 4 scrolls of identify {unknown}
 q - 8 scrolls of remove curse {unknown}
 t - a scroll of random uselessness {unknown}
 u - a scroll of amnesia {unknown}
 v - a scroll of noise {unknown}
 x - 2 scrolls of immolation {unknown}
 y - a scroll of torment {unknown}
 z - 4 scrolls of teleportation {unknown}
 C - a scroll of enchant armour {unknown}
 E - a scroll of blinking
Potions
 h - 3 potions of curing
 k - 2 potions of heal wounds
 l - 2 potions of agility {unknown}
 m - a potion of flight {unknown}
 w - a potion of brilliance {unknown}
 A - 2 potions of might {unknown}
 D - 2 potions of degeneration {unknown}
 H - a potion of lignification {unknown}
 I - a potion of invisibility {unknown}
Comestibles
 f - 4 rations


   Skills:
 + Level 2.2 Fighting
 + Level 4.2 Short Blades
 * Level 8.1 Slings
 - Level 1.0(3.6) Throwing
 - Level 1.1 Armour
 + Level 5.0 Dodging
 + Level 2.4 Spellcasting
 - Level 4.2 Charms
 + Level 7.2 Translocations


You had one spell level left.
You knew the following spells:

 Your Spells              Type           Power        Failure   Level  Hunger
a - Blink                 Tloc           N/A          2%          2    ###....
b - Shroud of Golubria    Chrm/Tloc      ###...       4%          2    ###....
c - Passage of Golubria   Tloc           N/A          16%         4    #####..
d - Gell's Gravitas       Tloc           ###.......   4%          3    ###....

Your spell library contained the following spells:

 Spells                   Type           Power        Failure   Level  Hunger
 Shock                    Conj/Air       #...         28%         1    #......
 Lesser Beckoning         Tloc           ###.......   4%          3    ###....
 Teleport Other           Tloc           ###.....     4%          3    ###....
 Swiftness                Chrm/Air       #.......     19%         2    ###....
 Static Discharge         Conj/Air       #.......     65%         3    ###....
 Airstrike                Air            #.........   96%         4    #####..
 Lightning Bolt           Conj/Air       #.........   100%        5    ######.


Dungeon Overview and Level Annotations

Branches:
Dungeon (6/15)             Temple (1/1) D:4

Altars:
Ashenzari
Dithmenos
Elyvilon
Fedhas
Gozag
Hepliaklqana
Kikubaaqudgha
Makhleb
Okawaru
Qazlal
Ru
Sif Muna
Trog
Uskayaw
Vehumet
Wu Jian
Xom
Yredelemnul
Zin
The Shining One

Shops:
D:5 !

Annotations:
D:6 Pikel


Innate Abilities, Weirdness & Mutations

You are small and have problems with some larger weapons.
You are somewhat resistant to further mutation.


Message History

You barely miss Pikel.
The slave shouts!
Pikel misses you.
You hit Pikel but do no damage. Pikel hits you but does no damage.
You closely miss Pikel.
Pikel hits you with a +1 whip of electrocution.
You are electrocuted!
You closely miss Pikel. Pikel misses you.
You hit Pikel.
Pikel is lightly wounded.
Pikel barely misses you.
You closely miss Pikel.
Pikel is lightly wounded.
Pikel hits you but does no damage.
You are electrocuted!
You hit Pikel.
Pikel is moderately wounded.
Pikel hits you with a +1 whip of electrocution!
Your shroud falls apart!
You are electrocuted!!
You die...

..#...((.......
.......>.......
.......(.......
......#(###....
..... #p# . ....
#p# ... #p# .. #K#
. #@#
#.################
#....)............
##################
#.(...............
#.###############.
#(#...[...........
#.#.##############
#.#.#<........#


You could see Pikel and 3 slaves.

Vanquished Creatures
  Eustachio (D:6)
  A slave (D:6)
  3 eyes of draining (D:4)
  2 centaurs (D:6)
  An ogre (D:5)
  Blork the orc (D:4)
  2 scorpions
  A howler monkey (D:4)
  2 crimson imps (D:6)
  A bullfrog zombie (D:6)
  2 hounds (D:4)
  A bullfrog skeleton (D:6)
  3 centaur skeletons
  An orc priest (D:6)
  A jelly (D:4)
  Ijyb (D:5)
  4 worker ants
  3 orc wizards
  A hound zombie (D:5)
  Robin (D:2)
  3 gnolls
  6 adders
  3 oozes
  3 worms
  2 dart slugs (D:2)
  6 leopard geckos
  13 orcs
  5 bats
  8 giant cockroaches
  12 hobgoblins
  3 jackals (D:5)
  8 kobolds
  3 quokkas
  5 frilled lizards
  15 goblins
  A jackal skeleton (D:4)
  2 leopard gecko skeletons (D:4)
  10 rats
141 creatures vanquished.

Vanquished Creatures (others)
  4 toadstools (D:1)
4 creatures vanquished.

Grand Total: 145 creatures vanquished

Notes
Turn   | Place    | Note
-------+----------+-------------------------------------------
     0 | D:1      | Gwenloh the Halfling Warper began the quest for the Orb.
     0 | D:1      | Reached XP level 1. HP: 14/14 MP: 3/3
   407 | D:2      | Reached XP level 2. HP: 4/19 MP: 4/4
   651 | D:2      | Learned a level 2 spell: Blink
   654 | D:2      | Learned a level 2 spell: Shroud of Golubria
   966 | D:1      | Reached XP level 3. HP: 24/24 MP: 5/5
  1441 | D:2      | Found a stormy altar of Qazlal.
  1586 | D:2      | Found a hazy altar of Hepliaklqana.
  1587 | D:2      | Found a shimmering altar of Xom.
  1588 | D:2      | Noticed a spectral ugly thing
  1764 | D:2      | Reached skill level 1 in Charms
  1846 | D:2      | Noticed Robin
  2002 | D:2      | Reached XP level 4. HP: 29/29 MP: 4/6
  2036 | D:2      | Reached skill level 1 in Slings
  2233 | D:2      | Killed Robin
  2549 | D:1      | Reached XP level 5. HP: 34/34 MP: 2/7
  2778 | D:1      | Reached skill level 2 in Slings
  3640 | D:4      | Found a staircase to the Ecumenical Temple.
  3663 | D:4      | Reached skill level 3 in Slings
  3707 | Temple   | Entered the Ecumenical Temple
  3932 | Temple   | Became a worshipper of Zin the Law-Giver
  3932 | Temple   | Reached * piety under Zin
  3967 | D:4      | Reached XP level 6. HP: 34/39 MP: 6/8
  4084 | D:5      | Entered Level 5 of the Dungeon
  4115 | D:4      | Learned a level 4 spell: Passage of Golubria
  4226 | D:4      | Noticed an eye of draining
  4226 | D:4      | Noticed an eye of draining
  4318 | D:4      | Reached skill level 4 in Slings
  4318 | D:4      | Reached skill level 5 in Translocations
  4360 | D:4      | Noticed a phantom
  4684 | D:4      | Reached ** piety under Zin
  4743 | D:4      | Reached XP level 7. HP: 20/44 MP: 2/9
  5027 | D:4      | Noticed Blork the orc
  5046 | D:4      | Killed Blork the orc
  5116 | D:4      | Reached skill level 5 in Slings
  5244 | D:4      | Found a bloodstained altar of Trog.
  5350 | D:4      | Reached XP level 8. HP: 49/49 MP: 0/10
  5493 | D:4      | Found a burning altar of Makhleb.
  5598 | D:4      | Reached skill level 6 in Slings
  6010 | D:5      | Found a glowing golden altar of the Shining One.
  6132 | D:5      | Found Qoklel's Distillery.
  6135 | D:5      | Bought a potion of heal wounds for 70 gold pieces
  6135 | D:5      | Bought a potion of curing for 42 gold pieces
  6805 | D:5      | Noticed Ijyb
  6838 | D:5      | Killed Ijyb
  7613 | D:6      | Noticed Eustachio
  8568 | D:6      | Reached skill level 7 in Slings
  9061 | D:6      | Reached *** piety under Zin
  9501 | D:6      | Learned a level 3 spell: Gell's Gravitas
  9551 | D:6      | Killed Eustachio
  9551 | D:6      | Reached XP level 9. HP: 49/54 MP: 12/12
  9673 | D:6      | Reached skill level 5 in Dodging
  9693 | D:6      | Reached skill level 8 in Slings
 10015 | D:6      | Noticed Pikel
 10028 | D:6      | Slain by Pikel

Levels and vault maps discovered:
D:1:      ldierk_water_garden, layout_rooms
D:2:      layout_rooms, regret_index_temple_of_mockery,
          overflow_temple_1_default, uniq_robin
D:3:      layout_rooms
D:4:      layout_basic, trog_eyes_of_draining, minmay_temple_entry_grid,
          first_ration, makhleb_heckhound_becter, uniq_blork_the_orc
D:5:      layout_cave_pools, tso_metal_star, serial_shops,
          nicolae_shop_behind_doors, kennysheep_cluttered_room, uniq_ijyb
D:6:      cheibrodos_fzero, layout_basic, uniq_grinder, uniq_pikel,
          uniq_duvessa, uniq_eustachio
Temple:   eino_narrow_crystal_temple

Skill      XL: |  1  2  3  4  5  6  7  8  9 |
---------------+----------------------------+-----
Short Blades   | 3 4 |  4.2
Charms         | 1 2 3 4 |  4.2
Slings         | 1 3 4 5 7 8 |  8.1
Translocations | 4 5 6 7 |  7.2
Dodging        | 3 4 5 |  5.0
Spellcasting   | 2 |  2.4
Fighting       | 2 |  2.2
Throwing       | |  1.0
Armour         | |  1.1

Action                   |  1- 3 |  4- 6 |  7- 9 || total
-------------------------+-------+-------+-------++-------
Melee: Short sword       |   144 |   145 |   369 ||   658
       Dagger            |       |    26 |       ||    26
       Unarmed           |       |       |    11 ||    11
       Rapier            |       |       |    89 ||    89
 Fire: Hunting sling     |    10 |   161 |   241 ||   412
Throw: Stone             |    54 |       |       ||    54
       Boomerang         |     1 |       |       ||     1
       Dart              |       |       |    16 ||    16
 Cast: Shroud of Golubri |    13 |    20 |    35 ||    68
       Blink             |       |       |    12 ||    12
       Passage of Golubr |       |       |     2 ||     2
  Use: Scroll            |       |     1 |       ||     1
       Potion            |       |       |     2 ||     2
  Eat: Chunk             |     5 |    10 |    12 ||    27
       Ration            |       |       |     3 ||     3
Armor: Leather armour    |    36 |    41 |   148 ||   225
       Skin              |       |       |     1 ||     1
Dodge: Dodged            |   103 |   148 |   460 ||   711
